 Dungeon Crawl Stone Soup version 0.32-a0-876-gcfddb08e57 (webtiles) character file.

Game seed: 3285003016907376584

1155 smashvw the Ruffian (level 8, -5/80 HPs)
             Began as a Troll Fighter on Mar 31, 2024.
             Was a Follower of Okawaru.
             Engulfed by a steam dragon's steam (12 damage)
             ... on level 5 of the Dungeon.
             The game lasted 00:09:48 (3538 turns).

smashvw the Ruffian (Troll Fighter)                 Turns: 3538, Time: 00:09:49

Health: -5/80      AC:  4    Str: 25    XL:     8   Next: 16%
Magic:  7/7        EV:  8    Int: 10    God:    Okawaru [*.....]
Gold:   260        SH: 14    Dex: 11    Spells: 7/7 levels left

rFire   . .          .
                       - Unarmed
rCold   . . .        b - +0 kite shield
rNeg    . . .        a - +0 robe
rPois   .            (helmet restricted)
rElec   .            (no cloak)
rCorr   .            (gloves unavailable)
SInv    .            (boots unavailable)
Will    .....        e - amulet of reflection
Stlth   +            t - +6 ring of intelligence
HPRegen 1.13/turn    (no ring)
MPRegen 0.10/turn

%: reflection
@: no status effects
A: large, unfitting armour, claws 3, regeneration 1, shaggy fur 1, tough skin 1
a: Renounce Religion, Heroism


You were on level 5 of the Dungeon.
You worshipped Okawaru.
Okawaru was aware of your devotion.
You visited 2 branches of the dungeon, and saw 6 of its levels.

You collected 320 gold pieces.
You spent 60 gold pieces at shops.

Inventory:

Missiles
 g - 6 poisoned darts (quivered)
 s - 5 boomerangs
Armour
 a - a +0 robe (worn)
 b - a +0 kite shield (worn)
Jewellery
 e - an amulet of reflection (around neck)
 i - a ring of willpower
 t - a +6 ring of intelligence (left claw)
Scrolls
 d - 4 scrolls of immolation
 h - a scroll of torment
 j - a scroll of enchant armour
 o - 2 scrolls of noise
 p - a scroll of teleportation {unknown}
 u - a scroll of fear {unknown}
 v - a scroll of poison {unknown}
Potions
 c - a potion of might
 f - a potion of degeneration {unknown}
 k - 3 potions of heal wounds {unknown}
 l - a potion of haste {unknown}
 m - a potion of enlightenment {unknown}
 n - 4 potions of curing {unknown}
 q - a potion of ambrosia {unknown}
 r - a potion of resistance


   Skills:
 + Level 5.3 Fighting
 - Level 2.4 Dodging
 + Level 5.7 Shields
 + Level 5.8 Unarmed Combat


You had 7 spell levels left.
You didn't know any spells.
Your spell library was empty.

Dungeon Overview and Level Annotations

Branches:
Dungeon (5/15)             Temple (1/1) D:4

Altars:
Ashenzari
Cheibriados
Dithmenos
Elyvilon
Fedhas
Gozag
Hepliaklqana
Nemelex Xobeh
Okawaru
Qazlal
Ru
Sif Muna
Uskayaw
Vehumet
Wu Jian
Xom
Yredelemnul
Zin
The Shining One

Shops:
D:4 [*   D:5 (

Annotations:
D:5 4 runed translucent doors


Innate Abilities, Weirdness & Mutations

You are too large for most types of armour.
You have claws for hands.
Your natural rate of healing is unusually fast.
You are covered in fur. (AC +1)
You have tough skin. (AC +1)


Message History

The orc barely misses you.
You see here a hound corpse.
You claw the orc!
You kill the orc!
Okawaru accepts your kill. The orc hits you with a +0 mace.
Things that are here:
a +0 flail; an orc corpse You closely miss the orc.
The orc closely misses you. The steam dragon breathes steam at you.
The ball of steam hits the orc!
The orc dies!
The ball of steam hits you!!
No reachable target in view!
No reachable target in view!
No reachable target in view!
No reachable target in view!
You are engulfed in a cloud of scalding steam.
The steam dragon breathes steam at you. The ball of steam hits you!!
Things that are here:
a +0 mace; a +0 scale mail; an orc corpse You claw the steam dragon!
The steam dragon is heavily wounded.
You are engulfed in a cloud of scalding steam.
* * * LOW HITPOINT WARNING * * *
The steam dragon bites you.
* * * LOW HITPOINT WARNING * * *
The steam dragon closely misses you.
You closely miss the steam dragon.
The steam dragon is heavily wounded.
You are engulfed in a cloud of scalding steam.
* * * LOW HITPOINT WARNING * * *
The steam dragon breathes steam at you. The ball of steam hits you!
* * * LOW HITPOINT WARNING * * *
You closely miss the steam dragon.
The steam dragon is heavily wounded.
You are engulfed in a cloud of scalding steam.
You die...

...#
#...........+5o....+..#
#..#
#...........+O.....+..#
...#
##'###......#ß....ß#..#
...# #.#
#......##ß$)ß##.####
...######.#
#.......######.....##
#.....†...# ##..###'#
#'###..#
##.###########.##†#.#
###..)##.# #.#
#...#§#.## #}##.#.#.#
#.# #...#@###
#.#.##.#.# #.# #...#D#
#.##.#.#.# ..# #...#.#
#..###.#.. ..+ #...##.
####...)##.. ..#
+....######..######...
#...................#.
#....+................
#....#............####
#....#.....(.....##


You could see a steam dragon (catching breath).

Vanquished Creatures
  A water moccasin (D:4)
  An ogre (D:5)
  2 centaurs
  A phantom (D:5)
  2 scorpions
  5 killer bees
  A howler monkey (D:5)
  A jelly (D:4)
  A hound (D:5)
  An iguana (D:5)
  2 sleepcaps (D:5)
  7 gnolls
  4 adders
  A white imp (D:5)
  4 dart slugs
  2 ribbon worms
  7 orcs
  7 endoplasms
  2 giant cockroaches
  13 goblins
  5 hobgoblins
  7 jackals
  4 quokkas
  7 ball pythons
  5 bats
  3 frilled lizards
  12 kobolds
  9 rats
117 creatures vanquished.

Vanquished Creatures (others)
  An orc (D:5)
1 creature vanquished.

Grand Total: 118 creatures vanquished

Notes
Turn   | Place    | Note
-------+----------+-------------------------------------------
     0 | D:1      | smashvw the Troll Fighter began the quest for the Orb.
     0 | D:1      | Reached XP level 1. HP: 22/22 MP: 0/0
    90 | D:1      | Reached XP level 2. HP: 29/29 MP: 1/1
   405 | D:1      | Reached XP level 3. HP: 36/36 MP: 2/2
   524 | D:1      | Found a faded altar of an unknown god.
   867 | D:2      | Reached XP level 4. HP: 45/45 MP: 3/3
  1055 | D:2      | You fall into a shaft and drop 1 floor!
  1340 | D:2      | Reached XP level 5. HP: 42/53 MP: 4/4
  1544 | D:3      | Noticed a centaur
  1558 | D:3      | Killed a centaur
  1956 | D:3      | Found a shadowy altar of Dithmenos.
  2239 | D:4      | Reached XP level 6. HP: 59/62 MP: 5/5
  2295 | D:4      | Found a broken altar of Ashenzari.
  2311 | D:4      | Noticed a water moccasin
  2320 | D:4      | Killed a water moccasin
  2396 | D:4      | Found Zonomn's Antique Armour Emporium.
  2430 | D:4      | Found Peffonuf's CLEARANCE SALE!.
  2433 | D:4      | Bought a scroll of identify for 10 gold pieces
  2433 | D:4      | Bought a potion of resistance for 50 gold pieces
  2523 | D:4      | Found a staircase to the Ecumenical Temple.
  2554 | Temple   | Entered the Ecumenical Temple
  2563 | Temple   | Became a worshipper of Warmaster Okawaru
  2905 | D:5      | Entered Level 5 of the Dungeon
  2905 | D:5      | Found Busoxis's Weapon Boutique.
  3001 | D:5      | Reached XP level 7. HP: 70/70 MP: 6/6
  3155 | D:5      | Reached skill level 5 in Shields
  3155 | D:5      | Reached skill level 5 in Unarmed Combat
  3321 | D:5      | Found a large runed translucent door.
  3321 | D:5      | Found a large runed translucent door.
  3385 | D:5      | Found a large runed translucent door.
  3385 | D:5      | Found a large runed translucent door.
  3427 | D:5      | Reached * piety under Okawaru
  3428 | D:5      | Reached skill level 5 in Fighting
  3432 | D:5      | Reached XP level 8. HP: 77/80 MP: 7/7
  3450 | D:5      | Noticed a two-headed ogre
  3538 | D:5      | Engulfed by a steam dragon's steam

Illustrated notes

Levels and vault maps discovered:
D:1:      minmay_arrival_diagonal_passages, layout_basic, serial_forest,
          infiniplex_forest_join, infiniplex_forest_lined_2,
          infiniplex_forest_clump_small, infiniplex_forest_end_1,
          infiniplex_forest_straight_1, infiniplex_forest_clump_curved,
          infiniplex_forest_clump_long,
          dreamdust_ecumenical_altar_hidden_monk_grotto, minmay_tromino_i2
D:2:      minmay_angry_zag, layout_basic, minmay_small_reverse_x
D:3:      layout_basic, lemuel_coloured_pillars_altar, st_stairs_6
D:4:      corexii_shack_village, layout_basic, cheibrodos_ashenzari_chains,
          minmay_temple_entry_glassed_door, nicolae_stop_n_shop_2,
          nicolae_shop_clearance
D:5:      layout_basic, serial_shops, nicolae_shop_advertising_works
          [nicolae_subvault_shop_adworks], st_stairs_6,
          minmay_hollow_rounded_squares
Temple:   sentei_temple_godly_chess

Skill      XL: |  1  2  3  4  5  6  7 |
---------------+----------------------+-----
Shields        | 3 4 5 |  5.7
Fighting       | 3 4 5 |  5.3
Unarmed Combat | 3 4 5 |  5.8
Dodging        | |  2.4

Action                     |  1- 3 |  4- 6 |  7- 9 || total
---------------------------+-------+-------+-------++-------
  Melee: Unarmed           |    94 |   145 |    67 ||   306
    Use: Scroll            |       |     4 |       ||     4
   Stab: Sleeping          |     1 |     1 |       ||     2
         Held in net/web   |     1 |       |       ||     1
         Distracted        |       |       |     1 ||     1
 Armour: Robe              |    47 |    62 |    51 ||   160
  Dodge: Dodged            |    16 |    26 |    20 ||    62
  Block: Kite shield       |    51 |    96 |    58 ||   205
         Reflection        |     1 |     1 |       ||     2

Table legend: (Time is in decaauts)
 A = Elapsed time spent in this place.
 B = Non-inter-level travel time spent in this place.
 C = Inter-level travel time spent in this place.
 D = Time resting spent in this place.
 E = Time spent auto-exploring this place.
 F = Levels seen in this place.
 G = Mean time per level.
                   A        B        C        D        E       F      G
               +--------+--------+--------+--------+--------+-----+--------+
         Total |   3553 |   3455 |     98 |    101 |   2670 |   6 |  592.2 |
       Dungeon |   3536 |   3444 |     92 |    101 |   2670 |   5 |  707.2 |
        Temple |     16 |     10 |      6 |      0 |      0 |   1 |   16.0 |
               +--------+--------+--------+--------+--------+-----+--------+

Top non-repeatable levels by time:
     D:4: 842 daAuts
     D:3: 786 daAuts
     D:1: 700 daAuts
     D:2: 650 daAuts
     D:5: 556 daAuts
  Temple: 16 daAuts
